 Dungeon Crawl Stone Soup version 0.19-a0-1225-gf887c1c (webtiles) character file.

377 LORDOFBUTT the Shield-Bearer (level 6, 0/53 HPs)
             Began as a Minotaur Fighter on Aug 26, 2016.
             Slain by a goblin (5 damage)
             ... led by Robin
             ... on level 4 of the Dungeon.
             The game lasted 00:02:28 (1885 turns).

LORDOFBUTT the Shield-Bearer (Minotaur Fighter)     Turns: 1885, Time: 00:02:29

Health: 0/53       AC:  8    Str: 21    XL:     6   Next: 45%
Magic:  5/5        EV: 11    Int:  5    God:
Gold:   140        SH:  0    Dex: 11    Spells: 0 memorised, 5 levels left

rFire  . . .     SeeInvis .     q - +3 quarterstaff (chaos)
rCold  . . .     Gourm    .     b - +0 scale mail
rNeg   . . .     Faith    .     (shield currently unavailable)
rPois  +         Spirit   .     (helmet restricted)
rElec  .         Dismiss  .     m - +0 cloak
rCorr  .         Reflect  .     (no gloves)
MR     .....     Harm     .     (no boots)
Stlth  ..........               (no amulet)
                                (no ring)
                                s - ring of poison resistance

@: no status effects
A: retaliatory headbutt, horns 2
a: no special abilities


You were on level 4 of the Dungeon.
You were hungry.

You visited 1 branch of the dungeon, and saw 4 of its levels.

You collected 140 gold pieces.

Inventory:

Hand Weapons
 a - a +0 trident
 q - a +3 quarterstaff of chaos (weapon)
Armour
 b - a +0 scale mail (worn)
 c - a +0 shield
 m - a +0 cloak (worn)
Jewellery
 s - a ring of poison resistance (left hand)
Scrolls
 e - 2 scrolls of remove curse {unknown}
 g - 2 scrolls of identify {unknown}
 i - 2 scrolls of blinking {unknown}
 k - 2 scrolls of enchant armour {unknown}
 l - a scroll of amnesia {unknown}
 n - a scroll of random uselessness {unknown}
Potions
 d - a potion of might
 j - 4 potions of curing {unknown}
 o - a potion of resistance {unknown}
 r - 2 potions of berserk rage {unknown}
 t - a potion of flight {unknown}
Comestibles
 f - 3 bread rations
 h - 2 meat rations
 p - 2 beef jerkies
 u - a slice of pizza


   Skills:
 + Level 4.5 Fighting
 - Level 3.6(3.8) Polearms
 + Level 1.4(2.7) Staves
 + Level 5.0 Armour
 + Level 3.2 Dodging
 + Level 0.5 Stealth
 + Level 5.4 Shields


You had 5 spell levels left.
You didn't know any spells.

Dungeon Overview and Level Annotations

Branches:
Dungeon (4/15)
 Temple: D:4-7

Altars:
Cheibriados
Dithmenos
Ru

Annotations:
D:4 Robin


Innate Abilities, Weirdness & Mutations

You reflexively headbutt those who attack you in melee.
You have a pair of horns on your head.


Message History

You thump the ogre! You freeze the ogre.
The ogre is almost dead.
The goblin barely misses you. The goblin hits you but does no damage.
The ogre hits you with a giant club!
* * * LOW HITPOINT WARNING * * *
You sock the ogre!
You kill the ogre!
Your base Staves skill increases to level 1!
Your Armour skill increases to level 5!
Your Dodging skill increases to level 3!
The goblin hits you but does no damage. x2
Robin roars a battlecry!
The goblins go into a battle-frenzy!
Robin hits you with a dagger of protection.
* * * LOW HITPOINT WARNING * * *
The goblin misses you.
You barely miss Robin.
Robin is moderately wounded.
The goblin hits you.
You die...

.. ##...#### #.#
#...# #####.# #...#
.....# #...# #.
#.####...####
.##.##...........<.
....g.gg..[........
#.###g#g?g..).......
#.....@g##.#.g.#.##.
...#...g..#.#...#.#
#.#.##.#.#...# # #
#. .#.#...# ..
.#.#...# .##
.#...... #!
%.....##. # #...


You could see Robin, 2 hobgoblins and 5 goblins.

Vanquished Creatures
  An ogre (D:4)
  The ghost of walesgrey the Vexing, an amateur KoAM (D:3)
  A giant frog (D:3)
  Crazy Yiuf (D:2)
  2 adders (D:2)
  3 dart slugs
  5 giant geckos
  9 orcs (D:3)
  A ball python (D:1)
  6 bats
  3 giant cockroaches
  7 goblins
  9 hobgoblins
  4 jackals (D:1)
  10 kobolds
  3 quokkas
  4 giant newts
  5 rats
  A fungus (D:2)
76 creatures vanquished.

Vanquished Creatures (others)
  An orc wizard (D:3)
1 creature vanquished.

Grand Total: 77 creatures vanquished

Notes
Turn   | Place    | Note
-------+----------+-------------------------------------------
     0 | D:1      | LORDOFBUTT the Minotaur Fighter began the quest for the Orb.
     0 | D:1      | Reached XP level 1. HP: 19/19 MP: 0/0
   153 | D:1      | Reached XP level 2. HP: 27/27 MP: 1/1
   276 | D:1      | Found a snail-covered altar of Cheibriados.
   301 | D:1      | Reached XP level 3. HP: 21/33 MP: 2/2
   601 | D:2      | Found a shadowy altar of Dithmenos.
   727 | D:2      | Found a sacrificial altar of Ru.
  1012 | D:2      | Reached XP level 4. HP: 40/40 MP: 3/3
  1181 | D:2      | Found a runed door.
  1185 | D:2      | Noticed Crazy Yiuf
  1190 | D:2      | Killed Crazy Yiuf
  1190 | D:2      | Reached skill level 1 in Dodging
  1397 | D:3      | Noticed walesgrey's ghost (amateur KoAM)
  1401 | D:3      | Killed walesgrey's ghost
  1401 | D:3      | Reached skill level 5 in Shields
  1401 | D:3      | Reached XP level 5. HP: 44/46 MP: 4/4
  1675 | D:3      | Reached XP level 6. HP: 46/53 MP: 5/5
  1863 | D:4      | Noticed Robin
  1884 | D:4      | Reached skill level 1 in Staves
  1884 | D:4      | Reached skill level 5 in Armour
  1885 | D:4      | Slain by a goblin

Vault maps used:
D:1:      dpeg_arrival_round_b, cheibriados_altar_1
D:2:      nicolae_ru_awakened_eye, lemuel_coloured_pillars_altar,
          uniq_crazy_yiuf_cottage
D:4:      minmay_misc_feat_five, uniq_robin

Skill      XL: |  1  2  3  4  5  6 |
---------------+-------------------+-----
Armour         | 4 5 |  5.0
Shields        | 4 5 |  5.4
Polearms       | 3 |  3.6
Fighting       | 4 |  4.5
Dodging        | 1 2 3 |  3.2
Staves         | 1 |  1.4
Stealth        | |  0.5

Action                   |  1- 3 |  4- 6 || total
-------------------------+-------+-------++-------
Melee: Trident           |    94 |    21 ||   115
       Headbutt          |    14 |    14 ||    28
       Quarterstaff      |       |    61 ||    61
  Eat: Fruit             |       |     3 ||     3
Armor: Scale mail        |    28 |    56 ||    84
Dodge: Dodged            |    27 |    47 ||    74
Block: Shield            |    51 |     4 ||    55
